 Dungeon Sprint DCSS version 0.19-a0-895-gdbd5520 (webtiles) character file.

6598 LORDOFBUTT the Fighter (level 10, -5/94 HPs)
             Began as a Demonspawn Berserker on July 5, 2016.
             Was the Champion of Trog.
             Slain by an orc warrior
             ... wielding a +0 short sword
              (18 damage)
             ... in the Dungeon (Sprint IX: "|||||||||||||||||||||||||||||").
             The game lasted 00:03:28 (1389 turns).

LORDOFBUTT the Fighter (Demonspawn Berserker)       Turns: 1389, Time: 00:03:28

Health: -5/94      AC:  4    Str: 21    XL:     10   Next: 71%
Magic:  10/10      EV: 23    Int:  8    God:    Trog [******]
Gold:   1125       SH:  0    Dex: 16    Spells: 0 memorised, 9 levels left

rFire  . . .     SeeInvis .     p - +10 battleaxe "Edghyneo" {chop, rN+ Str+3}
rCold  + . .     Gourm    .     b - +0 animal skin
rNeg   + . .     Faith    .     (shield currently unavailable)
rPois  .         Spirit   .     y - +0 helmet
rElec  .         Dismiss  .     (no cloak)
rCorr  .         Reflect  .     (no gloves)
SustAt .         Harm     .     x - +0 pair of boots
MR     .....     NoTele   +     (no amulet)
Stlth  ++++++....               (no ring)
                                (no ring)

@: not resistant to hostile enchantments, very stealthy
A: claws 2, repulsion field 1, cold resistance 1, nightstalker 3, powered by
death 1
a: Berserk, Trog's Hand, Brothers in Arms, Burn Spellbooks, Renounce Religion


You were in the Dungeon.
You worshipped Trog.
Trog was exalted by your worship.
You were not hungry.

You visited 1 branch You collected 1125 gold pieces.

Inventory:

Hand Weapons
 p - the +10 battleaxe "Edghyneo" (weapon) {chop, rN+ Str+3}
   (Trog gifted it to you in the Dungeon)

   It inflicts extra damage upon your enemies.
   It affects your strength (+3).
   It protects you from negative energy.
 u - the +4 greatsling of Cocytus {freeze, rF+ rC+++ Int-4 Stlth+}
   (Trog gifted it to you in the Dungeon)

   It causes projectiles fired from it to freeze those they strike, causing
   extra injury to most foes and up to half again as much damage against
   particularly susceptible opponents.
   They can also slow down cold-blooded creatures.
   It affects your intelligence (-4).
   It protects you from fire.
   It renders you almost immune to cold.
   It makes you more stealthy.
 w - a +4 antimagic great mace
Missiles
 v - 44 sling bullets
Armour
 b - a +0 animal skin (worn)
 x - a +0 pair of boots (worn)
 y - a +0 helmet (worn)
Jewellery
 m - a +3 ring of dexterity
 n - a +3 ring of strength
Wands
 l - a wand of acid (7/15)
Scrolls
 i - 3 scrolls of blinking
 k - 4 scrolls of remove curse
 s - 2 scrolls of enchant armour
 t - 4 scrolls of enchant weapon
Potions
 d - 8 potions of curing
 e - 2 potions of heal wounds
 f - a potion of haste
 g - 4 potions of magic
 h - a potion of berserk rage
 j - a potion of invisibility
 q - a potion of brilliance
 r - 2 potions of might
Comestibles
 a - 44 fruits
 c - 13 bread rations
 o - 12 meat rations


   Skills:
 + Level 14.0 Fighting
 * Level 11.8(13.2) Axes
 - Level 10.3(12.5) Maces & Flails
 + Level 4.4 Armour
 + Level 11.4 Dodging
 + Level 4.8 Stealth


You had 9 spell levels left.
You didn't know any spells.

Dungeon Overview and Level Annotations

Branches:
Dungeon (1/1)

Altars:
Cheibriados
Dithmenos
Elyvilon
Fedhas
Gozag
Hepliaklqana
Kikubaaqudgha
Makhleb
Nemelex Xobeh
Okawaru
Pakellas
Qazlal
Ru
Sif Muna
Trog
Uskayaw
Vehumet
Xom
Yredelemnul
Zin
The Shining One
Beogh
Jiyva
Lugonu


Innate Abilities, Weirdness & Mutations

You have very sharp fingernails.
You are surrounded by a mild repulsion field. (EV +2)
Your flesh is cold resistant. (rC+)
You are completely attuned to the shadows.
You regenerate a little health from kills.


Message History

An orc warrior comes into view. It is wielding a short sword.
The orc warrior hits you with a long sword!
* * * LOW HITPOINT WARNING * * *
You slash the orc warrior!
The orc warrior is severely wounded.
The orc warrior barely misses you.
You completely miss the orc warrior.
The orc warrior is severely wounded.
The orc warrior completely misses you.
You slash the orc warrior!
The orc warrior is almost dead.
The orc warrior barely misses you.
You slash the orc warrior!
You kill the orc warrior!
Trog accepts your kill.
Your hill giant rages.
You closely miss the orc warrior.
Your hill giant is no longer berserk.
The orc warrior hits you with a short sword!!
You die...

▓'▓.▓'▓.▓
▓_▓.▓.▓.▓
▓_▓.▓.▓.▓
▓_▓.▓†▓.▓
▓_▓.▓)▓.▓.▓
▓_▓.▓†▓.▓.▓
▓_▓.▓.▓.▓.▓
▓_▓.▓.▓.▓o▓
▓_▓.▓.▓.▓@▓
▓_▓.▓.▓.▓C▓
▓_▓.▓÷▓.▓)▓
▓_▓.▓.▓.▓)▓
▓_▓.▓.▓.▓)▓
▓_▓.▓.▓.▓)▓
▓_▓.▓.▓.▓)▓
▓_▓.▓.▓.▓.▓
▓_▓.▓.▓)▓.▓


You could see an orc warrior and a friendly hill giant.

Vanquished Creatures
  A stone giant (D)
  A deep elf mage (D)
  Joseph (D)
  A spiny frog (D)
  A komodo dragon (D)
  2 blink frogs (D)
  4 yaks (D)
  A hippogriff (D)
  2 wargs (D)
  2 water moccasins (D)
  A soldier ant (D)
  A porcupine (D)
  3 hell hounds (D)
  6 orc warriors (D)
  A black bear (D)
  A sky beast (D)
  An eye of draining (D)
  3 wolves (D)
  2 crocodiles (D)
  3 giant frogs (D)
  A crimson imp (D)
  A hound (D)
  A jelly (D)
  4 orc priests (D)
  4 orc wizards (D)
  2 iguanas (D)
  A worker ant (D)
  An adder zombie (D)
  A giant gecko (D)
  6 orcs (D)
  A bat (D)
  A giant cockroach (D)
  2 jackals (D)
  A kobold (D)
  A giant cockroach zombie (D)
  A rat (D)
67 creatures vanquished.

Vanquished Creatures (collateral kills)
  An orc high priest (D)
  3 orc warriors (D)
  An orc wizard (D)
5 creatures vanquished.

Grand Total: 72 creatures vanquished

Notes
Turn   | Place    | Note
-------+----------+-------------------------------------------
     0 | D        | LORDOFBUTT the Demonspawn Berserker began the quest for the Orb.
     0 | D        | Reached XP level 1. HP: 18/18 MP: 1/1
    15 | D        | Reached ** piety under Trog
   125 | D        | Noticed a crimson imp
   125 | D        | Noticed a hound
   129 | D        | Killed a hound
   129 | D        | Reached *** piety under Trog
   129 | D        | Reached skill level 5 in Fighting
   129 | D        | Gained mutation: You regenerate a little health from kills. [demonic ancestry]
   129 | D        | Reached XP level 2. HP: 27/27 MP: 2/2
   129 | D        | Gained mutation: You are slightly more attuned to the shadows. [demonic ancestry]
   129 | D        | Reached XP level 3. HP: 33/33 MP: 3/3
   170 | D        | Reached **** piety under Trog
   170 | D        | Reached skill level 5 in Maces & Flails
   170 | D        | Gained mutation: You have sharp fingernails. [demonic ancestry]
   170 | D        | Reached XP level 4. HP: 23/40 MP: 4/4
   176 | D        | Found a glowing silver altar of Zin.
   176 | D        | Found a glowing golden altar of the Shining One.
   176 | D        | Found an ancient bone altar of Kikubaaqudgha.
   176 | D        | Found a basalt altar of Yredelemnul.
   176 | D        | Found a shimmering altar of Xom.
   177 | D        | Found a radiant altar of Vehumet.
   178 | D        | Found an iron altar of Okawaru.
   179 | D        | Found a burning altar of Makhleb.
   180 | D        | Found a deep blue altar of Sif Muna.
   181 | D        | Found a bloodstained altar of Trog.
   182 | D        | Found a sparkling altar of Nemelex Xobeh.
   183 | D        | Found a white marble altar of Elyvilon.
   184 | D        | Found a roughly hewn altar of Beogh.
   185 | D        | Found a viscous altar of Jiyva.
   186 | D        | Found a corrupted altar of Lugonu.
   187 | D        | Found a blossoming altar of Fedhas.
   188 | D        | Found a snail-covered altar of Cheibriados.
   189 | D        | Found a shadowy altar of Dithmenos.
   190 | D        | Found a stormy altar of Qazlal.
   191 | D        | Found an opulent altar of Gozag.
   192 | D        | Found a sacrificial altar of Ru.
   193 | D        | Found an oddly glowing altar of Pakellas.
   194 | D        | Found a hide-covered altar of Uskayaw.
   195 | D        | Found a hazy altar of Hepliaklqana.
   323 | D        | Noticed a sky beast
   323 | D        | Noticed a yak
   323 | D        | Noticed a soldier ant
   323 | D        | Noticed a giant frog
   327 | D        | Killed a giant frog
   327 | D        | Reached skill level 6 in Fighting
   327 | D        | Gained mutation: You are significantly more attuned to the shadows. [demonic ancestry]
   327 | D        | Reached XP level 5. HP: 43/47 MP: 5/5
   331 | D        | Killed a soldier ant
   331 | D        | Reached skill level 8 in Fighting
   331 | D        | Reached skill level 1 in Stealth
   337 | D        | Killed a yak
   337 | D        | Reached skill level 9 in Fighting
   337 | D        | Reached skill level 5 in Dodging
   337 | D        | Gained mutation: You are surrounded by a mild repulsion field. (EV +2) [demonic ancestry]
   337 | D        | Reached XP level 6. HP: 45/58 MP: 6/6
   339 | D        | Killed a sky beast
   339 | D        | Reached ***** piety under Trog
   482 | D        | Noticed an orc warrior
   482 | D        | Noticed a deep elf mage
   488 | D        | Killed a deep elf mage
   488 | D        | Reached skill level 10 in Fighting
   488 | D        | Reached skill level 10 in Maces & Flails
   488 | D        | Gained mutation: You are completely attuned to the shadows. [demonic ancestry]
   488 | D        | Reached XP level 7. HP: 67/67 MP: 7/7
   493 | D        | Received a gift from Trog
   495 | D        | Reached skill level 11 in Fighting
   495 | D        | Reached XP level 8. HP: 75/75 MP: 0/8
   507 | D        | Got a warped battleaxe {god gift}
   508 | D        | Identified the +10 battleaxe "Edghyneo" {chop, rN+ Str+3} (Trog gifted it to you in the Dungeon)
   618 | D        | Reached skill level 1 in Axes
   622 | D        | Received a gift from Trog
   634 | D        | Reached skill level 12 in Fighting
   639 | D        | Got a blackened greatsling {god gift}
   643 | D        | Received a gift from Trog
   654 | D        | Identified the +4 greatsling of Cocytus {freeze, rF+ rC+++ Int-4 Stlth+} (Trog gifted it to you in the Dungeon)
   771 | D        | Noticed a spiny frog
   771 | D        | Gained mutation: You have very sharp fingernails. [demonic ancestry]
   771 | D        | Reached XP level 9. HP: 83/83 MP: 9/9
   772 | D        | Reached skill level 5 in Axes
   775 | D        | Noticed a komodo dragon
   781 | D        | Killed a spiny frog
   781 | D        | Reached ****** piety under Trog
   785 | D        | Killed a komodo dragon
   785 | D        | Reached skill level 13 in Fighting
   818 | D        | Reached skill level 10 in Dodging
  1071 | D        | Received a gift from Trog
  1123 | D        | Received a gift from Trog
  1124 | D        | Gained mutation: Your flesh is cold resistant. (rC+) [demonic ancestry]
  1124 | D        | Reached XP level 10. HP: 81/92 MP: 10/10
  1227 | D        | Noticed Joseph
  1235 | D        | Killed Joseph
  1279 | D        | Received a gift from Trog
  1289 | D        | Reached skill level 10 in Axes
  1297 | D        | Received a gift from Trog
  1325 | D        | Noticed a stone giant
  1338 | D        | Killed a stone giant
  1351 | D        | Received a gift from Trog
  1354 | D        | Noticed an orc high priest
  1356 | D        | Noticed a rust devil
  1362 | D        | Killed an orc high priest
  1362 | D        | Reached skill level 14 in Fighting
  1369 | D        | Received a gift from Trog
  1389 | D        | Slain by an orc warrior

Vault maps used:
D:        linesprint

Skill      XL: |  1  2  3  4  5  6  7  8  9 10 |
---------------+-------------------------------+-----
Maces & Flails | 4 5 6 8 10 | 10.3
Armour         | 2 3 4 |  4.4
Dodging        | 3 4 5 7 9 10 11 | 11.4
Fighting       | 5 6 9 10 11 12 13 14 | 14.0
Stealth        | 1 2 4 |  4.8
Axes           | 4 8 11 | 11.8

Action                   |  1- 3 |  4- 6 |  7- 9 | 10-12 || total
-------------------------+-------+-------+-------+-------++-------
Melee: Mace              |    33 |       |       |       ||    33
       Morningstar       |       |    17 |    11 |       ||    28
       Battleaxe         |       |       |    62 |    53 ||   115
Invok: Berserk           |     2 |     2 |       |       ||     4
       Brothers in Arms  |       |       |       |     1 ||     1
  Use: Potion            |       |       |       |     1 ||     1
 Stab: Sleeping          |       |       |     1 |     1 ||     2
       Distracted        |       |       |     1 |       ||     1
  Eat: Chunk             |       |     2 |       |       ||     2
       Bread ration      |       |       |     1 |       ||     1
Armor: Animal skin       |     2 |       |     4 |       ||     6
Dodge: Dodged            |    26 |     8 |    62 |    23 ||   119
